 Dungeon Crawl Stone Soup version 0.30-a0-782-ge64f9170bb (webtiles) character file.

Game seed: 6678960209434623806

3696 Crownlay the Grappler (level 9, -4/89 HPs)
             Began as a Troll Fighter on Feb 27, 2023.
             Was an Initiate of Wu Jian.
             Slain by a two-headed ogre
             ... wielding a +0 dire flail
              (17 damage)
             ... on level 8 of the Dungeon.
             The game lasted 00:11:19 (5855 turns).

Crownlay the Grappler (Troll Fighter)               Turns: 5855, Time: 00:11:19

Health: -4/89      AC:  4    Str: 30    XL:     9   Next: 90%
Magic:  8/8        EV:  9    Int:  4    God:    Wu Jian [......]
Gold:   280        SH:  9    Dex:  9    Spells: 8/8 levels left

rFire   + . .      SeeInvis .      - Unarmed
rCold   + . .      Faith    .    b - +0 kite shield
rNeg    . . .      Spirit   .    a - +0 robe
rPois   +          Reflect  .    (helmet restricted)
rElec   +          Harm     .    (no cloak)
rCorr   +          Rampage  .    (gloves unavailable)
Will    .....                    (boots unavailable)
Stlth   +                        l - amulet of the acrobat
HPRegen 1.14/turn                (no ring)
MPRegen 0.11/turn                (no ring)

@: mighty, resistant, attractive
A: large, unfitting armour, claws 3, regeneration 1, shaggy fur 1, tough skin 1
a: Renounce Religion


You were on level 8 of the Dungeon.
You worshipped Wu Jian.
Wu Jian was noncommittal.
You visited 2 branches of the dungeon, and saw 9 of its levels.

You collected 408 gold pieces.
You spent 128 gold pieces at shops.

Inventory:

Armour
 a - a +0 robe (worn)
 b - a +0 kite shield (worn)
Jewellery
 l - an amulet of the acrobat (around neck)
Wands
 y - a wand of digging (4)
 A - a wand of charming (14)
 B - a wand of flame (15)
Scrolls
 d - 4 scrolls of fear
 g - 2 scrolls of magic mapping
 h - 8 scrolls of teleportation
 i - 2 scrolls of blinking
 j - 2 scrolls of amnesia
 m - 2 scrolls of butterflies {unknown}
 o - a scroll of torment {unknown}
 q - 3 scrolls of enchant armour
 v - 2 scrolls of fog
 w - a scroll of acquirement {unknown}
 x - a scroll of poison {unknown}
Potions
 c - a potion of might
 e - 3 potions of attraction
 f - 3 potions of resistance
 k - 4 potions of curing
 n - a potion of brilliance
 p - 3 potions of heal wounds {unknown}
 r - a potion of mutation {unknown}
 s - 2 potions of haste {unknown}
 t - a potion of invisibility {unknown}
 u - 2 potions of lignification {unknown}
 z - 2 potions of ambrosia {unknown}


   Skills:
 + Level 6.3 Fighting
 + Level 3.7 Dodging
 + Level 6.9 Shields
 * Level 10.0 Unarmed Combat


You had 8 spell levels left.
You didn't know any spells.
Your spell library contained the following spells:

 Spells                   Type           Power      Damage    Failure   Level
 Apportation              Tloc           0%         N/A       75%         1
 Necrotise                Necr           0%         1d4       75%         1
 Summon Small Mammal      Summ           0%         N/A       75%         1
 Sublimation of Blood     Necr           0%         N/A       87%         2
 Wereblood                Tmut           0%         N/A       87%         2
 Gell's Gravitas          Tloc           0%         N/A       98%         3
 Teleport Other           Tloc           0%         N/A       98%         3
 Petrify                  Tmut/Erth      0%         N/A       100%        4
 Irradiate                Conj/Tmut      0%         3d11      100%        5
 Dispersal                Tloc           0%         N/A       100%        6
 Summon Hydra             Summ           0%         N/A       100%        7


Dungeon Overview and Level Annotations

Branches:
Dungeon (8/15)             Temple (1/1) D:5
   Lair: D:8-11

Altars:
Ashenzari
Cheibriados
Elyvilon
Fedhas
Gozag
Hepliaklqana
Kikubaaqudgha
Okawaru
Qazlal
Ru
Sif Muna
Trog
Uskayaw
Vehumet
Wu Jian
Xom
Yredelemnul
Zin
The Shining One

Shops:
D:2 *   D:3 *   D:6 *:

Annotations:
D:5 2 transporters


Innate Abilities, Weirdness & Mutations

You are too large for most types of armour.
You have claws for hands.
Your natural rate of healing is unusually fast.
You are covered in fur. (AC +1)
You have tough skin. (AC +1)


Message History

a +3 dagger of chaos; a +0 robe You feel sick.
You feel sick.
You feel sick.
You are no longer poisoned.
There is an ornate altar of the Wu Jian Council here.
You kneel at the altar of Wu Jian.
The Council welcomes you!
You can now perform damaging attacks by moving towards foes.
Okay, then.
Unknown command.
Press < or > to pray at altars.
B - a wand of flame (15)
A two-headed ogre comes into view.
It is wielding a +0 dire flail and a +0 giant spiked club.
The two-headed ogre shouts in stereo!
You claw the two-headed ogre!
The two-headed ogre is lightly wounded.
You block the two-headed ogre's attack.
The two-headed ogre hits you with a +0 giant spiked club!!
Okay, then.
You feel very mighty all of a sudden.
You claw the two-headed ogre!
The two-headed ogre is moderately wounded.
The two-headed ogre hits you with a +0 dire flail!!
The two-headed ogre hits you with a +0 giant spiked club!
You claw the two-headed ogre!
The two-headed ogre is heavily wounded.
The two-headed ogre barely misses you.
The two-headed ogre hits you with a +0 giant spiked club!!
* * * LOW HITPOINT WARNING * * *
It was a potion of curing.
You feel better.
Okay, then.
It was a potion of resistance.
You feel protected. You block the two-headed ogre's attack.
The two-headed ogre closely misses you.
It was a potion of attraction.
You feel attractive to monsters. You block the two-headed ogre's attack.
The two-headed ogre hits you with a +0 giant spiked club!
You die...

######## #.O....# #@#
#.# #.####.# ##
...#....#.## #.
#.........#..#########.
#......................
#....##...####.####....
#.........##.....##....
#.........#.......#....
#.....#.#.#......)#....


You could see a two-headed ogre.

Vanquished Creatures
  Psyche (D:8)
  2 humans (D:8)
  A water moccasin (D:4)
  An ice beast (D:7)
  3 sky beasts
  4 black bears
  5 ogres
  A phantom (D:5)
  A bullfrog (D:8)
  A gnoll sergeant (D:8)
  10 scorpions
  8 wights
  2 jellies
  3 hounds
  4 orc priests
  3 iguanas
  4 orc wizards (D:8)
  4 gnolls (D:8)
  9 adders
  2 white imps
  5 worms
  4 dart slugs
  18 orcs
  8 ball pythons
  11 bats
  11 endoplasms
  4 giant cockroaches
  7 goblins
  11 hobgoblins
  A quokka (D:4)
  3 frilled lizards
  6 kobolds
  8 rats
166 creatures vanquished.

Vanquished Creatures (others)
  5 fungi (D:7)
5 creatures vanquished.

Grand Total: 171 creatures vanquished

Notes
Turn   | Place    | Note
-------+----------+-------------------------------------------
     0 | D:1      | Crownlay the Troll Fighter began the quest for the Orb.
     0 | D:1      | Reached XP level 1. HP: 22/22 MP: 0/0
    74 | D:1      | You fall into a shaft and drop 1 floor!
   116 | D:1      | Reached XP level 2. HP: 29/29 MP: 1/1
   549 | D:1      | Reached XP level 3. HP: 36/36 MP: 2/2
   641 | D:2      | Reached skill level 3 in Unarmed Combat
  1073 | D:2      | Found Qeigu's General Store.
  1082 | D:2      | Reached XP level 4. HP: 44/44 MP: 3/3
  1198 | D:2      | Bought a scroll of teleportation for 33 gold pieces
  1324 | D:3      | Found Zin's Purification Station.
  1330 | D:3      | Found a glowing silver altar of Zin.
  1868 | D:4      | Reached XP level 5. HP: 26/53 MP: 4/4
  1873 | D:4      | Reached skill level 4 in Unarmed Combat
  1935 | D:4      | Found a blossoming altar of Fedhas.
  2219 | D:4      | Noticed a water moccasin
  2229 | D:4      | Killed a water moccasin
  2230 | D:4      | Reached XP level 6. HP: 58/61 MP: 5/5
  2631 | D:5      | Entered Level 5 of the Dungeon
  2641 | D:5      | Noticed a yak
  2643 | D:5      | Noticed a wyvern
  2647 | D:5      | Found a transporter.
  2667 | D:5      | Reached skill level 5 in Unarmed Combat
  2785 | D:5      | Reached XP level 7. HP: 68/68 MP: 6/6
  2962 | D:5      | Found a staircase to the Ecumenical Temple.
  2980 | D:5      | Found a transporter.
  2995 | Temple   | Entered the Ecumenical Temple
  3157 | D:5      | Found a bloodstained altar of Trog.
  3171 | D:5      | Noticed a wraith
  3294 | D:5      | Found a hazy altar of Hepliaklqana.
  3294 | D:5      | Found a stormy altar of Qazlal.
  3834 | D:6      | Reached skill level 6 in Unarmed Combat
  3892 | D:6      | Found Wocza's Book Emporium.
  3991 | D:6      | Reached skill level 5 in Shields
  3991 | D:6      | Reached XP level 8. HP: 79/79 MP: 7/7
  4022 | D:6      | Reached skill level 7 in Unarmed Combat
  4088 | D:6      | Found Suloceff's Assorted Antiques.
  4096 | D:6      | Bought a scroll labelled QIBUOHA NEON for 26 gold pieces
  4096 | D:6      | Bought a fuming silvery potion for 23 gold pieces
  4096 | D:6      | Bought 2 inky potions for 46 gold pieces
  4233 | D:6      | Found a white marble altar of Elyvilon.
  4437 | D:6      | Found a shimmering blue altar of Sif Muna.
  4538 | D:7      | Reached skill level 5 in Fighting
  4707 | D:7      | Reached skill level 8 in Unarmed Combat
  4733 | D:7      | Reached XP level 9. HP: 66/88 MP: 8/8
  4771 | D:7      | Found the +11 Singing Sword {sonic wave}
  4992 | D:7      | Reached skill level 9 in Unarmed Combat
  5270 | D:8      | Found a broken altar of Ashenzari.
  5716 | D:8      | Found an iron altar of Okawaru.
  5808 | D:8      | Found an ornate altar of the Wu Jian Council.
  5809 | D:8      | Noticed Psyche
  5816 | D:8      | Killed Psyche
  5817 | D:8      | Reached skill level 10 in Unarmed Combat
  5821 | D:8      | Became a worshipper of the Wu Jian Council
  5848 | D:8      | Noticed a two-headed ogre
  5852 | D:8      | HP: 4/89 [two-headed ogre/+0 dire flail (32)]
  5855 | D:8      | Slain by a two-headed ogre

Illustrated notes

Levels and vault maps discovered:
D:1:      scummos_arrival_simple_fountains, layout_basic, st_stairs_7
D:2:      layout_loops_ring, serial_shops, shop
D:3:      layout_loops_ring, zin_purify
D:4:      layout_cave_pods, fedhas_altar_fruit_tree
D:5:      layout_layer_cave, gammafunk_temple_overflow_arena,
          gammafunk_temple_overflow_pools, minmay_temple_entry_mini_moons
D:6:      layout_cave_pools, lemuel_round_altar, led_sif_book, serial_shops,
          shop, shop, grunt_ministairs_14, corexii_checkpoint_a
D:7:      old_forge, layout_basic
D:8:      layout_basic, mainiacjoe_overflow_catwalk, okawaru_humans,
          old_standard_altar, serial_shops, nicolae_shop_trees,
          roderic_roman_lattice, uniq_psyche
Temple:   nicolae_temple_figure_zero

Skill      XL: |  1  2  3  4  5  6  7  8  9 |
---------------+----------------------------+-----
Shields        | 3 4 5 6 |  6.9
Unarmed Combat | 3 4 5 6 8 10 | 10.0
Fighting       | 3 4 5 6 |  6.3
Dodging        | 3 |  3.7

Action                     |  1- 3 |  4- 6 |  7- 9 || total
---------------------------+-------+-------+-------++-------
  Melee: Unarmed           |    95 |   118 |   252 ||   465
    Use: Scroll            |     1 |     4 |     1 ||     6
         Potion            |       |     1 |     4 ||     5
 Armour: Robe              |    24 |    23 |    57 ||   104
  Dodge: Dodged            |    25 |    29 |   106 ||   160
  Block: Kite shield       |    29 |    35 |   119 ||   183

Table legend: (Time is in decaauts)
 A = Elapsed time spent in this place.
 B = Non-inter-level travel time spent in this place.
 C = Inter-level travel time spent in this place.
 D = Time resting spent in this place.
 E = Time spent auto-exploring this place.
 F = Levels seen in this place.
 G = Mean time per level.
                   A        B        C        D        E       F      G
               +--------+--------+--------+--------+--------+-----+--------+
         Total |   5861 |   5717 |    144 |      0 |   4651 |   9 |  651.2 |
       Dungeon |   5737 |   5602 |    135 |      0 |   4539 |   8 |  717.1 |
        Temple |    123 |    114 |      9 |      0 |    112 |   1 |  123.0 |
               +--------+--------+--------+--------+--------+-----+--------+

Top non-repeatable levels by time:
     D:5: 1116 daAuts
     D:4: 836 daAuts
     D:8: 734 daAuts
     D:7: 639 daAuts
     D:2: 623 daAuts
     D:6: 601 daAuts
     D:3: 597 daAuts
     D:1: 586 daAuts
  Temple: 123 daAuts
